AoeStats
← Quaresma

Arabia

508426873Analyzed
3v3 RM · 9d ago on Sep 22, 2026· 35m 18s· 6 players
Game mode
Random Map
Map size
Normal (6 player)
Population
200
Speed
Normal
Resources
Standard
Victory
Conquest
Starting age
Dark Age
Ending age
Imperial Age
RankedLock teamsTeams togetherTeam positionsShared explorationLock speedFull tech treeHidden civsTurbo modeCheats
Victory
Defeat
🇬🇧 Bulgarians · United Kingdom
1018
+16
🇹🇼 Poles · Taiwan
1011
+16
🇹🇼 Spanish · Taiwan
981
+18
🇹🇷 Huns · Türkiye
1049
-18
🇺🇸 Italians · United States
1034
-17
🇨🇿 Maya · Czechia
971
-15
LoveCreamPie
Tigger
9:43 Feudal Age
15:47 Double-Bit Axe
17:38 Loom
22:20 Scale Mail Armor
23:33 Horse Collar
26:24 Bloodlines
26:23 Scale Barding Armor
26:30 Forging
29:28 Wheelbarrow
d2611008
7:46 Loom
11:30 Feudal Age
13:29 Double-Bit Axe
20:34 Castle Age
19:34 Stone Mining
19:29 Horse Collar
19:42 Fletching
22:50 Bow Saw
24:27 Heavy Plow
27:34 Bodkin Arrow
29:03 Sanctity
29:45 Husbandry
30:59 Scale Mail Armor
33:24 Scale Barding Armor
Toast
Stuffed_dumpling
Quaresma
10:27 Feudal Age
14:22 Bloodlines
15:20 Scale Barding Armor
20:32 Town Watch
Connection lost

Rejoining the realm…

Still unreachable

The connection could not be restored.

Session expired

The server has moved on; the page needs a fresh start.